 Dungeon Crawl Stone Soup version 0.28.0-1-gb440e238dd (webtiles) character file.

Game seed: 12616757581135059954

39 fknight the Chopper (level 3, -1/33 HPs)
             Began as a Hill Orc Monk on Feb 27, 2022.
             Slain by a worm (2 damage)
             ... on level 2 of the Dungeon.
             The game lasted 00:03:20 (1773 turns).

fknight the Chopper (Hill Orc Monk)                 Turns: 1773, Time: 00:03:21

Health: -1/33      AC:  8    Str: 15    XL:     3   Next: 47%
Magic:  3/3        EV:  7    Int: 10    God:
Gold:   43         SH:  0    Dex: 13    Spells: 2/2 levels left

rFire   . . .      SeeInvis .   a - +0 hand axe
rCold   . . .      Faith    .   (no shield)
rNeg    . . .      Spirit   .   e - +0 chain mail
rPois   .          Reflect  .   (no helmet)
rElec   .          Harm     .   (no cloak)
rCorr   .          Rampage  .   (no gloves)
Will    .....                   (no boots)
Stlth   ..........              (no amulet)
HPRegen 0.11/turn               (no ring)
MPRegen 0.08/turn               (no ring)

@: no status effects
A: no striking features
a: no special abilities


You were on level 2 of the Dungeon.
You visited 1 branch of the dungeon, and saw 2 of its levels.

You collected 43 gold pieces.

Inventory:

Hand Weapons
 a - a +0 hand axe (weapon)
Missiles
 h - 5 poisoned darts (quivered)
 j - 22 sling bullets
Armour
 b - a +0 robe
 e - a +0 chain mail (worn)
 i - a +2 leather armour of cold resistance
Scrolls
 c - a scroll of identify {unknown}
 d - 2 scrolls of enchant armour {unknown}
 f - a scroll of immolation {unknown}
Potions
 g - a potion of might {unknown}


   Skills:
 + Level 4.1 Fighting
 + Level 4.5 Axes
 + Level 2.7 Dodging
 + Level 2.1 Stealth


You had 2 spell levels left.
You didn't know any spells.
Your spell library was empty.

Dungeon Overview and Level Annotations

Branches:
Dungeon (2/15)

Altars:


Message History

The ball python bites you but does no damage.
The ball python barely misses you.
You completely miss the worm. You completely miss the ball python.
The ball python bites you. The ball python grabs you.
The ball python constricts you.
You hit the worm but do no damage. You barely miss the ball python.
The ball python bites you but does no damage.
The ball python constricts you. The worm bites you.
You hit the worm.
The worm is lightly wounded.
You closely miss the ball python.
The ball python bites you but does no damage.
The ball python constricts you. The worm bites you.
You barely miss the worm. You barely miss the ball python.
The ball python bites you. The ball python constricts you.
The ball python bites you but does no damage.
The ball python constricts you.
You hit the worm.
The worm is moderately wounded.
You barely miss the ball python.
The ball python bites you but does no damage.
The ball python constricts you. The worm bites you!
You hit the worm.
The worm is moderately wounded.
You hit the ball python.
The ball python bites you but does no damage.
The ball python constricts you. The worm bites you!
* * * LOW HITPOINT WARNING * * *
You hit the worm but do no damage.
The worm is moderately wounded.
You hit the ball python.
You kill the ball python!
You hit the worm.
The worm is moderately wounded.
The worm bites you.
* * * LOW HITPOINT WARNING * * *
You completely miss the worm.
The worm is moderately wounded.
The worm bites you.
You die...

.##.# .##.######
### ......[... ..#
.##.####.# #.#
.##.# #.# #.###
.##.# #.### #...+
.##.####...####..#
.................#
....######.###..@#
...## #.#
#..w†...# ..##
#.##.......## ....
............#
#####
#.##.........#
#.#............
#.#.........#.#
#.#....##....


You could see a worm.

Vanquished Creatures
  2 dart slugs (D:1)
  5 ball pythons
  4 bats
  2 endoplasms (D:1)
  2 giant cockroaches (D:1)
  2 goblins (D:1)
  4 hobgoblins (D:1)
  2 jackals (D:2)
  2 kobolds (D:1)
  2 quokkas (D:1)
  5 rats
32 creatures vanquished.

Notes
Turn   | Place    | Note
-------+----------+-------------------------------------------
     0 | D:1      | fknight the Hill Orc Monk began the quest for the Orb.
     0 | D:1      | Reached XP level 1. HP: 19/19 MP: 1/1
   515 | D:1      | Reached XP level 2. HP: 27/27 MP: 2/2
  1044 | D:1      | Reached XP level 3. HP: 27/33 MP: 3/3
  1772 | D:2      | HP: 1/33 [worm (5)]
  1773 | D:2      | Slain by a worm

Illustrated notes

Levels and vault maps discovered:
D:1:      onia_arrival_handbag, layout_basic, hangedman_decor_points,
          chequers_serial_rivers_micro_a
D:2:      layout_loops_ring, serial_shops, nicolae_shop_window_shopping

Skill      XL: |  1  2 |
---------------+-------+-----
Stealth        | 2 |  2.1
Fighting       | 4 |  4.1
Axes           | |  4.5
Dodging        | |  2.7

Action                   || total
-------------------------++-------
Melee: Hand axe          ||   114
Throw: Stone             ||     1
 Stab: Sleeping          ||     2
Armor: Robe              ||     6
       Chain mail        ||    50
Dodge: Dodged            ||    44
